 Dungeon Crawl Stone Soup version 0.32-a0-540-g866d13106e (console) character file.

Game seed: 13231304888941370380

576 zenocrate the Poker (level 7, -2/54 HPs)
             Began as a Merfolk Gladiator on Feb 28, 2024.
             Slain by a black bear (8 damage)
             ... on level 4 of the Dungeon.
             The game lasted 00:06:05 (3834 turns).

zenocrate the Poker (Merfolk Gladiator)             Turns: 3834, Time: 00:06:05

Health: -2/54      AC: 10    Str: 16    XL:     7   Next: 35%
Magic:  7/7        EV: 13    Int:  8    God:
Gold:   1319       SH:  0    Dex: 15    Spells: 6/6 levels left

rFire   . . .        a - +1 trident
rCold   . . .        (no shield)
rNeg    . . .        v - +0 ring mail
rPois   .            p - +2 helmet
rElec   .            (no cloak)
rCorr   .            (no gloves)
SInv    .            c - +1 pair of boots
Will    .....        (no amulet)
Stlth   +            (no ring)
HPRegen 0.29/turn    (no ring)
MPRegen 0.10/turn

%: no passive effects
@: no status effects
A: (nimble swimmer 2), mertail
a: no special abilities


You were on level 4 of the Dungeon.
You visited 1 branch of the dungeon, and saw 4 of its levels.

You collected 1319 gold pieces.

Inventory:

Hand Weapons
 a - a +1 trident (weapon)
 b - a +3 spear
Missiles
 d - 3 throwing nets
 e - a javelin
 h - 5 poisoned darts (quivered)
 k - 6 silver javelins
Armour
 c - a +1 pair of boots (worn)
 p - a +2 helmet (worn)
 v - a +0 ring mail (worn)
Jewellery
 s - a ring of see invisible
Scrolls
 g - 3 scrolls of teleportation
 i - a scroll of silence
Potions
 f - a potion of degeneration {unknown}
 m - 2 potions of heal wounds
 n - a potion of mutation
 t - 2 potions of brilliance {unknown}
 u - 2 potions of curing {unknown}


   Skills:
 + Level 4.1 Fighting
 + Level 7.1 Polearms
 - Level 2.3 Throwing
 + Level 2.6 Armour
 + Level 5.8 Dodging


You had 6 spell levels left.
You didn't know any spells.
Your spell library contained the following spells:

 Spells                   Type           Power      Damage    Failure   Level
 Sting                    Conj/Alch      0%         1d3       63%         1
 Call Imp                 Summ           0%         N/A       77%         2
 Mercury Vapours          Alch/Air       0%         N/A       77%         2
 Sublimation of Blood     Necr           0%         N/A       77%         2
 Hailstorm                Conj/Ice       0%         3d5       94%         3
 Summon Ice Beast         Ice/Summ       0%         N/A       94%         3
 Olgreb's Toxic Radiance  Alch           0%         N/A       100%        4
 Sculpt Simulacrum        Ice/Alch       0%         N/A       100%        6
 Summon Hydra             Summ           0%         N/A       100%        7


Dungeon Overview and Level Annotations

Branches:
Dungeon (4/15)
 Temple: D:4-7

Altars:
Dithmenos
Hepliaklqana
Trog
Zin


Innate Abilities, Weirdness & Mutations

((You are very nimble when in or above water. (Stealth+, EV+, Speed+++)))
Your lower body shifts to a powerful aquatic tail in water.


Message History

You puncture the black bear!
The black bear is severely wounded.
The black bear goes berserk!
The orc barely misses you.
Unknown command.
You barely miss the black bear.
The black bear is severely wounded.
The black bear closely misses you. The black bear completely misses you.
The black bear barely misses you. The orc misses you.
Unknown command.
You hit the black bear.
The black bear is severely wounded.
The black bear barely misses you. The black bear claws you.
* * * LOW HITPOINT WARNING * * *
The black bear barely misses you.
Unknown command.
You hit the black bear.
The black bear is almost dead.
The black bear completely misses you. The black bear misses you.
The black bear barely misses you. The orc misses you.
The black bear misses you. The black bear claws you.
* * * LOW HITPOINT WARNING * * *
The black bear misses you.
Unknown command.
You barely miss the black bear.
The black bear is almost dead.
The black bear bites you.
* * * LOW HITPOINT WARNING * * *
The black bear barely misses you.
The black bear claws you but does no damage.
The orc closely misses you.
Unknown command.
You closely miss the black bear.
The black bear is almost dead.
The black bear barely misses you. The black bear closely misses you.
The black bear barely misses you. The orc closely misses you.
The black bear bites you but does no damage.
The black bear misses you. x2
Unknown command.
You closely miss the black bear.
The black bear is almost dead.
The orc barely misses you. The black bear bites you!
You die...

#§§#_.._#§§#
###R#....#§§##.#...
..###....#W##..#...
##..##..####...#.#
.........#.#.....###
##.......#.........#.#
##.......#.........#.#
##.......#...........#
##.......#........#..###
##.......#.#+#..o.##...
..#####..#.#.#..@.#
..### # ..#
#..#'#.#.#h####o..#....
..#
##.....#.#....o.h......
..#
#.....#.########......
..# #.....#.# .....
########.....#.# ####
.............#.#
...#######.###.##
................#
...#######.######
.##...####.#


You could see a black bear (berserk) and an orc.

Vanquished Creatures
  5 wights (D:4)
  A water moccasin skeleton (D:3)
  2 hounds (D:4)
  An orc priest (D:4)
  A scorpion zombie (D:3)
  A hound skeleton (D:3)
  Robin (D:2)
  4 gnolls (D:3)
  An adder zombie (D:3)
  2 adder skeletons (D:3)
  A ribbon worm (D:2)
  3 orcs (D:4)
  5 bats
  4 endoplasms
  3 giant cockroaches
  9 goblins
  11 hobgoblins
  3 jackals (D:2)
  8 kobolds
  4 quokkas
  2 ball pythons (D:1)
  A ball python zombie (D:3)
  4 frilled lizards
  2 quokka zombies (D:3)
  5 rats
84 creatures vanquished.

Notes
Turn   | Place    | Note
-------+----------+-------------------------------------------
     0 | D:1      | zenocrate the Merfolk Gladiator began the quest for the
                  | Orb.
     0 | D:1      | Reached XP level 1. HP: 16/16 MP: 1/1
   183 | D:1      | Reached XP level 2. HP: 22/22 MP: 2/2
   818 | D:1      | Found a faded altar of an unknown god.
   949 | D:1      | Reached skill level 5 in Polearms
  1286 | D:2      | Reached XP level 3. HP: 27/27 MP: 3/3
  1303 | D:2      | Noticed Robin
  1342 | D:2      | Killed Robin
  1343 | D:2      | Reached skill level 1 in Armour
  1574 | D:2      | Reached XP level 4. HP: 33/33 MP: 4/4
  1737 | D:2      | Found a glowing silver altar of Zin.
  2284 | D:2      | Identified a scroll of acquirement
  2285 | D:2      | Acquired 1276 gold pieces
  2369 | D:3      | Found a bloodstained altar of Trog.
  2480 | D:3      | Reached XP level 5. HP: 37/39 MP: 5/5
  2671 | D:3      | Reached skill level 6 in Polearms
  3192 | D:4      | Reached skill level 5 in Dodging
  3192 | D:4      | Reached XP level 6. HP: 44/47 MP: 6/6
  3480 | D:4      | Reached XP level 7. HP: 34/53 MP: 7/7
  3494 | D:4      | Reached skill level 7 in Polearms
  3633 | D:4      | Noticed a shadow
  3634 | D:4      | Found a shadowy altar of Dithmenos.
  3635 | D:4      | Found a hazy altar of Hepliaklqana.
  3834 | D:4      | Slain by a black bear

Illustrated notes

Levels and vault maps discovered:
D:1:      psy_arrival_conway, layout_basic, chequers_ecumenical_altar_grove
D:2:      layout_loops_ring, basic_altar, serial_co_window_serial,
          co_window_of_opportunity_a, co_window_corner_a, co_window_corner_a,
          co_window_corner_a, co_window_paths_a, co_window_corner_a,
          co_window_corner_cb, co_window_2corner, co_window_corner_cb,
          co_window_broadway_a, co_window_broadway_c, co_window_2corner,
          co_window_4corner_b, glass_columns_a, glass_columns_b,
          glass_columns_c, serial_bayou_pond_b, uniq_robin
D:3:      layout_loops_cross, mainiacjoe_overflow_catwalk, serial_undead,
          serial_undead_f, serial_undead_e, serial_undead_e, serial_undead_f,
          st_stairs_7
D:4:      layout_basic, riverfiend_overflow_shadow_ancestor,
          gup_ossuary_entry_pyramid

Skill      XL: |  1  2  3  4  5  6  7 |
---------------+----------------------+-----
Polearms       | 5 6 7 |  7.1
Armour         | 1 2 |  2.6
Fighting       | 3 4 |  4.1
Dodging        | 5 |  5.8
Throwing       | |  2.3

Action                     |  1- 3 |  4- 6 |  7- 9 || total
---------------------------+-------+-------+-------++-------
  Melee: Trident           |   136 |    51 |    38 ||   225
         Spear             |    17 |   108 |       ||   125
  Throw: Dart              |       |     1 |       ||     1
    Use: Potion            |     2 |     1 |       ||     3
         Scroll            |       |    10 |       ||    10
   Stab: Sleeping          |     2 |     2 |       ||     4
 Armour: Leather armour    |    83 |    36 |       ||   119
         Ring mail         |       |    20 |    23 ||    43
  Dodge: Dodged            |   113 |    73 |    42 ||   228

Table legend: (Time is in decaauts)
 A = Elapsed time spent in this place.
 B = Non-inter-level travel time spent in this place.
 C = Inter-level travel time spent in this place.
 D = Time resting spent in this place.
 E = Time spent auto-exploring this place.
 F = Levels seen in this place.
 G = Mean time per level.
                   A        B        C        D        E       F      G
               +--------+--------+--------+--------+--------+-----+--------+
         Total |   3801 |   3604 |    197 |     37 |   2905 |   4 |  950.2 |
       Dungeon |   3801 |   3604 |    197 |     37 |   2905 |   4 |  950.2 |
               +--------+--------+--------+--------+--------+-----+--------+

Top non-repeatable levels by time:
     D:2: 1265 daAuts
     D:1: 1068 daAuts
     D:3: 754 daAuts
     D:4: 714 daAuts
